 Dungeon Crawl Stone Soup version bcrawl-1.19.2-6-g6a88ae04c9 (webtiles) character file.

Game seed: 15023828752068096047

1509 Chiseanne the Covered (level 8, 0/64 HPs)
             Began as a Mummy Archaeologist on Jan 11, 2020.
             Was an Initiate of Gozag.
             Slain by a troll (3 damage)
             ... on level 7 of the Dungeon.
             The game lasted 00:15:32 (7149 turns).

Chiseanne the Covered (Mummy Archaeologist)         Turns: 7149, Time: 00:15:33

Health: 0/64       AC: 25    Str: 14    XL:     8   Next: 53%
Magic:  8/8        EV: 11    Int: 14    God:    Gozag
Gold:   419        SH:  0    Dex: 12    Spells: 7/7 levels left

rFire    x . .     SeeInvis .   a - +2 flail (protect)
rCold    + + .     Gourm    .   (no shield)
rNeg     + + +     Faith    .   f - +7 Kryia's mail coat {PotionHeal*2 rC+ RMsl}
rPois    ∞         Spirit   .   c - +1 hat
rElec    .         Reflect  .   (no cloak)
rCorr    .         Harm     .   (no gloves)
MR       +....     Clarity  +   d - +1 pair of boots
Stlth    +.........             (no amulet)
HPRegen  0.20/turn              i - ring of flight
MPRegen  0.11/turn              (no ring)

@: protection aura, repel missiles
A: no food or potions, fire vulnerability, clarity, cold resistance 1, negative
energy resistance 3, torment resistance, unbreathing
a: Potion Petition, Call Merchant, Bribe Branch, Renounce Religion, Evoke Flight


You were on level 7 of the Dungeon.
You worshipped Gozag.
Gozag was aware of your devotion.
You were not hungry.

You visited 2 branches of the dungeon, and saw 8 of its levels.

You collected 564 gold pieces.
You paid 145 gold pieces to Gozag.

Inventory:

Hand Weapons
 a - a +2 flail of protection (weapon)
 m - a +0 dagger of speed
Missiles
 g - 938 sling bullets
 h - 724 bolts
 k - 1847 stones (quivered)
 l - 562 arrows
 o - 57 tomahawks
 r - 27 poisoned needles
Armour
 b - a scarf of stasis
 c - a +1 hat (worn)
 d - a +1 pair of boots (worn)
 f - the +7 Kryia's mail coat (worn) {PotionHeal*2 rC+ RMsl}

   It protects you from cold.
   It protects you from missiles.
Jewellery
 i - a ring of flight (left hand)
 t - an uncursed ring of poison resistance {unknown}
Wands
 p - a wand of polymorph (8)
 s - a wand of digging (6)
Scrolls
 j - 2 scrolls of remove curse
 n - a scroll of magic mapping
 u - 2 scrolls of teleportation


   Skills:
 * Level 5.8 Fighting
 - Level 0.7 Maces & Flails
 * Level 7.4 Armour
 * Level 4.8 Dodging
 - Level 2.6 Stealth


You had 7 spell levels left.
You didn't know any spells.
Your spell library was empty.

Dungeon Overview and Level Annotations

Branches:
Dungeon (7/12)             Temple (1/1) D:6
   Lair: D:7-9

Altars:
Ashenzari
Cheibriados
Elyvilon
Fedhas
Gozag
Hepliaklqana
Kikubaaqudgha
Lugonu
Makhleb
Nemelex Xobeh
Okawaru
Qazlal
Ru
Sif Muna
Trog
Uskayaw
Vehumet
Wu Jian
Xom
Yredelemnul
Zin
The Shining One

Annotations:
D:2 Terence


Innate Abilities, Weirdness & Mutations

You do not eat or drink.
Your flesh is vulnerable to fire.
You are immune to poison.
You possess an exceptional clarity of mind.
Your flesh is cold resistant. (rC+)
You are immune to negative energy. (rN+++)
You are immune to unholy pain and torment.
You can survive without breathing.


Message History

You hit the troll but do no damage.
The troll is heavily wounded.
The troll bites you but does no damage. The troll closely misses you.
The troll barely misses you.
You hit the troll.
The troll is severely wounded.
The troll completely misses you. The troll claws you!
* * * LOW HITPOINT WARNING * * *
The troll claws you but does no damage. The troll misses you.
The troll claws you but does no damage. The troll closely misses you.
Your Kryia's mail coat prevents you from hitting the troll.
The troll is severely wounded.
The troll bites you!
* * * LOW HITPOINT WARNING * * *
The troll barely misses you. The troll claws you but does no damage.
As you read the scroll of fear, it crumbles to dust.
You assume a fearsome visage.
The troll resists with some effort.
The troll bites you but does no damage. The troll claws you.
You die...
Your body crumbles into a pile of gold.

#.####### #.# #..
#.# #.# # #.# #.#
.# #.# #.# ##.##.
#.# ###.###......
#.# #............
#.###.....T...#
#....>...@.#..#
#.###........#
#.###.....#.##
#.......###.# ##
##...##.# # ..
####.....#.## ##
#...........# #
#(##.....##.##.####
# #...............


You could see a troll.

Vanquished Creatures
  A steam dragon (D:6)
  Menkaure (D:6)
  Edmund (D:5)
  An orc warrior (D:5)
  A bullfrog (D:6)
  A wyvern zombie (D:6)
  A water moccasin zombie (D:4)
  A scorpion (D:4)
  A howler monkey (D:5)
  A bullfrog zombie (D:5)
  3 crimson imps
  A hound (D:3)
  A centaur skeleton (D:4)
  3 orc priests
  Jessica (D:3)
  Ijyb (D:5)
  5 orc wizards
  Natasha (thrice) (D:3)
  8 adders
  3 shadow imps
  An adder zombie (D:6)
  2 oozes
  An adder skeleton (D:6)
  3 worms
  3 dart slugs
  3 leopard geckos
  21 orcs
  A ball python (D:2)
  3 giant cockroaches
  A goblin (D:2)
  6 hobgoblins
  18 jackals
  6 kobolds
  A quokka (D:5)
  A bat (D:3)
  4 frilled lizards
  3 rats
117 creatures vanquished.

Vanquished Creatures (others)
  A hound skeleton (D:6)
1 creature vanquished.

Grand Total: 118 creatures vanquished

Notes
Turn   | Place    | Note
-------+----------+-------------------------------------------
     0 | D:1      | Chiseanne the Mummy Archaeologist began the quest for the
                  | Orb.
     0 | D:1      | Reached XP level 1. HP: 15/15 MP: 1/1
   477 | D:1      | Reached XP level 2. HP: 21/22 MP: 2/2
  1205 | D:2      | Reached XP level 3. HP: 11/29 MP: 3/3
  1409 | D:2      | Found a bloodstained altar of Trog.
  1414 | D:2      | Noticed Terence
  1576 | D:2      | Reached skill level 1 in Armour
  1929 | D:3      | Reached skill level 2 in Armour
  1929 | D:3      | Reached XP level 4. HP: 24/35 MP: 4/4
  2048 | D:3      | Reached skill level 3 in Armour
  2135 | D:2      | Reached skill level 4 in Armour
  2475 | D:3      | Reached XP level 5. HP: 41/41 MP: 5/5
  2668 | D:3      | Noticed Jessica
  2681 | D:3      | Killed Jessica
  2681 | D:3      | Reached skill level 5 in Armour
  2813 | D:3      | Noticed Natasha
  2820 | D:3      | Killed Natasha
  2877 | D:3      | Noticed Natasha
  2885 | D:3      | Killed Natasha
  3041 | D:3      | Noticed Natasha
  3054 | D:3      | Killed Natasha
  3054 | D:3      | Reached skill level 6 in Armour
  3054 | D:3      | Reached XP level 6. HP: 35/47 MP: 6/6
  4108 | D:5      | Entered Level 5 of the Dungeon
  4128 | D:5      | Reached XP level 7. HP: 53/53 MP: 7/7
  4390 | D:5      | Noticed Ijyb
  4400 | D:5      | Killed Ijyb
  4451 | D:5      | Noticed Edmund
  4492 | D:5      | Killed Edmund
  5047 | D:5      | Got an ivory dagger
  5195 | D:5      | Identified the cursed +3 dagger of Melee {antimagic, rPois
                  | MR+ Stlth+} (You found it on level 5 of the Dungeon)
  5242 | D:6      | Found a staircase to the Ecumenical Temple.
  5254 | Temple   | Entered the Ecumenical Temple
  5303 | Temple   | Became a worshipper of Gozag Ym Sagoz the Greedy
  5434 | D:6      | Noticed Menkaure
  5445 | D:6      | Killed Menkaure
  5445 | D:6      | Reached skill level 5 in Fighting
  5445 | D:6      | Reached XP level 8. HP: 43/62 MP: 8/8
  5652 | D:5      | Reached skill level 7 in Armour
  7013 | D:7      | Noticed a phantasmal warrior
  7077 | D:7      | Noticed a troll
  7148 | D:7      | HP: 2/64 [troll (12)]
  7149 | D:7      | Slain by a troll

Skill      XL: |  1  2  3  4  5  6  7  8 |
---------------+-------------------------+-----
Fighting       | 2 3 5 |  5.8
Armour         | 2 4 6 7 |  7.4
Dodging        | 3 4 |  4.8
Maces & Flails | |  0.7
Stealth        | |  2.6

Action                   |  1- 3 |  4- 6 |  7- 9 || total
-------------------------+-------+-------+-------++-------
Melee: Short sword       |    41 |       |       ||    41
       Spear             |    84 |       |       ||    84
       Mace              |    38 |   231 |       ||   269
       Flail             |       |    61 |   275 ||   336
Evoke: Wand              |       |       |     6 ||     6
  Use: Scroll            |     3 |     1 |     7 ||    11
 Stab: Sleeping          |     2 |       |       ||     2
Armor: Robe              |    41 |       |       ||    41
       Ring mail         |     4 |   109 |       ||   113
       Scale mail        |       |    74 |   230 ||   304
Dodge: Dodged            |   129 |   184 |   212 ||   525
       Deflected         |       |       |     2 ||     2
